 Dungeon Crawl Stone Soup version 0.22-a0-149-g870e420 (webtiles) character file.

56 sankara the Skirmisher (level 3, -8/31 HPs)
             Began as a Minotaur Assassin on Feb 7, 2018.
             Killed by divine providence
             ... invoked by an orc priest
              (14 damage)
             ... on level 2 of the Dungeon.
             The game lasted 00:02:57 (618 turns).

sankara the Skirmisher (Minotaur Assassin)           Turns: 618, Time: 00:02:58

Health: -8/31      AC:  5    Str: 15    XL:     3   Next: 69%
Magic:  2/2        EV: 12    Int:  8    God:
Gold:   44         SH:  0    Dex: 12    Spells: 2/2 levels left

rFire    . . .     SeeInvis .   i - +1 dagger (protect)
rCold    . . .     Gourm    .   (no shield)
rNeg     . . .     Faith    .   c - +0 robe
rPois    .         Spirit   .   (helmet restricted)
rElec    .         Reflect  .   d - +0 cloak
rCorr    .         Harm     .   (no gloves)
MR       .....                  (no boots)
Stlth    ++........             (no amulet)
HPRegen  0.10/turn              h - +2 ring of protection
MPRegen  0.08/turn              (no ring)

@: no status effects
A: retaliatory headbutt, horns 2
a: no special abilities


You were on level 2 of the Dungeon.
You were not hungry.

You visited 1 branch of the dungeon, and saw 2 of its levels.

You collected 44 gold pieces.

Inventory:

Hand Weapons
 a - a +2 dagger
 b - a +0 blowgun
 i - a +1 dagger of protection (weapon)
 j - a cursed -3 dagger
Missiles
 e - 17 poisoned needles
 f - 2 curare-tipped needles
Armour
 c - a +0 robe (worn)
 d - a +0 cloak (worn)
 o - a +0 chain mail
Jewellery
 h - a +2 ring of protection (left hand)
Scrolls
 l - a scroll of remove curse
Potions
 n - a potion of degeneration {unknown}
 q - a potion of agility {unknown}
Comestibles
 g - a ration
 p - 4 chunks of flesh


   Skills:
 + Level 3.5 Fighting
 - Level 2.1 Short Blades
 + Level 2.8 Throwing
 + Level 2.3 Dodging
 - Level 3.2 Stealth


You had 2 spell levels left.
You didn't know any spells.

Dungeon Overview and Level Annotations

Branches:
Dungeon (2/15)

Altars:


Innate Abilities, Weirdness & Mutations

You reflexively headbutt those who attack you in melee.
You have a pair of horns on your head.


Message History

You kill the orc!
The bat barely misses you. The orc hits you but does no damage.
The orc priest mumbles some strange prayers to Beogh against you.
Beogh smites you! The orc completely misses you. The bat barely misses you.
You furiously retaliate!
You headbutt the bat, but do no damage.
You are too injured to fight recklessly!
You are too injured to fight recklessly!
You are too injured to fight recklessly!
You are too injured to fight recklessly!
Unknown command.
The bat closely misses you. You furiously retaliate!
You headbutt the bat!
You kill the bat!
The orc priest miscasts a cantrip.
The orc priest begins to cast a cantrip, but forgets the words!
The orc hits you with a flail of protection!
* * * LOW HITPOINT WARNING * * *
The orc priest looks braver for a moment.
The orc priest invokes the aid of Beogh against you.
Beogh smites you!
You die...

#++ ####### ....###....<## ..
.......###...#### ...
#÷.).....(.## ..# .
##.......[.@#### #.# ..
#........)..o..####.# .##
#............or...#%###....
................oo..........
...#..........#......†.......
.........##..........).###...
............#########..†.#
.....# ....#.# ... ..≈.......


You could see 2 orc priests, 2 orcs and a quokka.

Vanquished Creatures
  2 adders (D:2)
  A worm (D:2)
  2 leopard geckos (D:1)
  An orc (D:2)
  2 giant cockroaches (D:1)
  5 hobgoblins
  5 jackals (D:1)
  4 kobolds
  2 bats
  A frilled lizard (D:1)
  2 goblins (D:1)
  3 rats (D:1)
30 creatures vanquished.

Notes
Turn   | Place    | Note
-------+----------+-------------------------------------------
     0 | D:1      | sankara the Minotaur Assassin began the quest for the Orb.
     0 | D:1      | Reached XP level 1. HP: 18/18 MP: 0/0
    52 | D:1      | Reached XP level 2. HP: 13/25 MP: 1/1
   467 | D:1      | Reached XP level 3. HP: 31/31 MP: 2/2
   618 | D:2      | Killed from afar by an orc priest

Vault maps used:
D:1:      tarquinn_simple_flora_water_a
D:2:      cheibrodos_pilgrimage, lemuel_crystal_altar, tso_metal_star,
          lemuel_round_altar, minmay_misc_feat_alley, nemelex_altar_shiori

Skill      XL: |  1  2 |
---------------+-------+-----
Fighting       | 3 |  3.5
Dodging        | 2 |  2.3
Short Blades   | |  2.1
Throwing       | |  2.8
Stealth        | |  3.2

Action                   || total
-------------------------++-------
Melee: Dagger            ||    75
       Headbutt          ||    10
  Use: Scroll            ||     4
 Stab: Sleeping          ||     2
Armor: Robe              ||    29
Dodge: Dodged            ||    45

Table legend:
 A = Spawn XP
 B = Non-spawn XP
 C = Spawn XP percentage of total XP
 D = Spawn monster count
 E = Non-spawn monster count
 F = Spawn count percentage of total count
 G = Total turns spent on level
                    A         B        C        D         E        F      G
               +---------+---------+-------+---------+---------+-------+---------
         Total |       0 |      80 |   0.0 |       0 |      30 |   0.0 |   618
               +---------+---------+-------+---------+---------+-------+---------
           D:1 |       0 |      41 |   0.0 |       0 |      23 |   0.0 |   552
           D:2 |       0 |      39 |   0.0 |       0 |       7 |   0.0 |    66
               +---------+---------+-------+---------+---------+-------+---------
